 Dungeon Crawl Stone Soup version 0.31-a0-865-g3d5d91748a (webtiles) character file.

Game seed: 5968721245562329769

667 Dirtsage the Ruffian (level 7, -2/46 HPs)
             Began as an Octopode Shapeshifter on Oct 10, 2023.
             Slain by Pikel
             ... wielding a +0 whip of electrocution
              (7 damage)
             ... on level 5 of the Dungeon.
             The game lasted 00:06:51 (3641 turns).

Dirtsage the Ruffian (Octopode Shapeshifter)        Turns: 3641, Time: 00:06:51

Health: -2/46      AC:  1    Str: 16    XL:     7   Next: 57%
Magic:  7/7        EV: 13    Int: 12    God:
Gold:   236        SH:  0    Dex: 11    Spells: 6/6 levels left

rFire   . .          .
                       - Unarmed
rCold   + . .        (no shield)
rNeg    . . .        (helmet currently unavailable)
rPois   .            p - amulet of the acrobat
rElec   .            S - ring of see invisible
rCorr   .            I - ring of protection from cold
SInv    +            (no ring)
Will    .....        (no ring)
Stlth   ++           (no ring)
HPRegen 0.27/turn    (no ring)
MPRegen 0.10/turn    (no ring)
                     (no ring)

%: acrobat
@: beast-form, hasted, very quick
A: beast (slay +3), almost no armour, amphibious, 8 rings, camouflage 1,
gelatinous body 1, (nimble swimmer 1), tentacles
a: Begin Untransformation


You were on level 5 of the Dungeon.
You were a hulking beast.
You visited 1 branch of the dungeon, and saw 5 of its levels.

You collected 236 gold pieces.

Inventory:

Jewellery
 p - an amulet of the acrobat (around mantle)
 I - a ring of protection from cold (right tentacle)
 S - a ring of see invisible (left tentacle)
Talismans
 b - a beast talisman (active)
 c - a flux talisman
 k - a maw talisman
Wands
 d - a wand of flame (11)
Scrolls
 a - 2 scrolls of teleportation {unknown}
 e - 2 scrolls of vulnerability {unknown}
 f - a scroll of brand weapon {unknown}
 i - 2 scrolls of identify
 j - a scroll of fog {unknown}
 o - 2 scrolls of enchant weapon {unknown}
Potions
 g - a potion of ambrosia
 h - a potion of haste
 l - a potion of heal wounds
 m - a potion of might {unknown}
 n - 5 potions of curing {unknown}
 q - 3 potions of invisibility {unknown}
 r - a potion of attraction {unknown}


   Skills:
 + Level 3.6 Fighting
 - Level 2.0 Dodging
 * Level 5.9 Unarmed Combat
 * Level 5.4 Shapeshifting


You had 6 spell levels left.
You didn't know any spells.
Your spell library contained the following spells:

 Spells                   Type           Power      Damage    Failure   Level
 Lesser Beckoning         Tloc           0%         N/A       45%         2
 Gell's Gravitas          Tloc           0%         N/A       69%         3
 Teleport Other           Tloc           0%         N/A       69%         3
 Summon Forest            Summ/Tloc      0%         N/A       100%        5
 Eringya's Noxious Bog    Tmut/Pois      0%         4d6       100%        6
 Haunt                    Necr/Summ      0%         N/A       100%        7
 Summon Hydra             Summ           0%         N/A       100%        7
 Borgnjor's Revivificati  Necr           0%         N/A       100%        8
 Death's Door             Necr           0%         N/A       100%        9


Dungeon Overview and Level Annotations

Branches:
Dungeon (5/15)
 Temple: D:4-7

Altars:

Annotations:
D:4 2 transporters, Maratek's ghost, amateur DsFi
D:5 Pikel


Innate Abilities, Weirdness & Mutations

You are a hulking beast.
Your limbs bulge with bestial killing power. (Slay +3)
You cannot wear most types of armour.
You are amphibious.
You can wear up to eight rings at the same time.
Your skin changes colour to match your surroundings (Stealth+).
Your rubbery body absorbs attacks. (AC +1, EV +1)
((You are camouflaged when in or above water. (Stealth+)))
You have tentacles for arms and can constrict up to eight enemies at once.


Message History

The lemure shouts!
The lemure shouts!
Pikel shouts!
The lemure shouts!
You see here a +0 robe.
The lemure shouts!
Okay, then.
Okay, then.
You feel yourself speed up.
You bludgeon Pikel! You grab Pikel.
Pikel is lightly wounded.
You constrict Pikel.
Pikel hits you with a +0 whip of electrocution.
You are electrocuted!!
You take 21 damage, and have 25/46 hp.
MASSIVE DAMAGE!!
You tentacle-slap Pikel.
Pikel is moderately wounded.
You constrict Pikel.
You tentacle-slap Pikel but do no damage.
You tentacle-slap Pikel, but do no damage.
Pikel is heavily wounded.
You constrict Pikel.
Pikel hits you with a +0 whip of electrocution.
You take 3 damage, and have 22/46 hp.
You tentacle-slap Pikel but do no damage.
Pikel is heavily wounded.
You constrict Pikel.
Pikel hits you with a +0 whip of electrocution!
* * * LOW HITPOINT WARNING * * *
You are electrocuted!
* * * LOW HITPOINT WARNING * * *
You take 17 damage, and have 5/46 hp.
MASSIVE DAMAGE!!
You tentacle-slap Pikel. You squeeze Pikel!
Pikel is almost dead.
You constrict Pikel, but do no damage.
You tentacle-slap Pikel but do no damage.
Pikel is almost dead.
You constrict Pikel, but do no damage.
Pikel hits you with a +0 whip of electrocution!
You die...
Pikel says, "Another soul for the market."

#....###.......
##..##.........
##........##....
##....##......##.
##<...............
#...............#.
##.......#......#.
###......#........
#h##..##..........
##K#.......##.#....
#.5.....55...##...#
##...#####.........
##...####.........
#..###..#.5....#.
#...###....5####
#...# #..#...####
##### ##.........


You could see Pikel and a lemure.

Vanquished Creatures
  A black bear (D:5)
  An ogre (D:5)
  A scorpion (D:5)
  2 orc priests
  2 hounds (D:4)
  2 iguanas (D:4)
  Ijyb (D:3)
  3 orc wizards
  5 adders
  5 worms
  2 dart slugs
  18 orcs
  10 ball pythons
  8 endoplasms
  2 giant cockroaches (D:1)
  3 goblins
  11 hobgoblins
  2 jackals (D:1)
  2 quokkas
  4 bats
  8 frilled lizards (D:2)
  5 kobolds
  4 rats
102 creatures vanquished.

Notes
Turn   | Place    | Note
-------+----------+-------------------------------------------
     0 | D:1      | Dirtsage the Octopode Shapeshifter began the quest for the
                  | Orb.
     0 | D:1      | Reached XP level 1. HP: 13/13 MP: 1/1
    23 | D:1      | Reached XP level 2. HP: 18/18 MP: 2/2
   359 | D:1      | Reached XP level 3. HP: 16/23 MP: 3/3
   951 | D:2      | Reached XP level 4. HP: 29/29 MP: 4/4
  1196 | D:3      | Noticed Ijyb
  1207 | D:3      | Killed Ijyb
  1503 | D:3      | Reached XP level 5. HP: 34/34 MP: 5/5
  2183 | D:4      | Found a transporter.
  2184 | D:4      | Noticed Maratek's ghost (amateur DsFi)
  2244 | D:4      | Reached XP level 6. HP: 37/41 MP: 6/6
  2298 | D:4      | Found a transporter.
  2361 | D:5      | Entered Level 5 of the Dungeon
  2627 | D:4      | Reached skill level 5 in Unarmed Combat
  3195 | D:5      | Noticed Pikel
  3305 | D:5      | Reached skill level 5 in Shapeshifting
  3305 | D:5      | Reached XP level 7. HP: 38/46 MP: 7/7
  3641 | D:5      | Slain by Pikel

Illustrated notes

Levels and vault maps discovered:
D:1:      dpeg_arrival_stonehenge_12_columns, layout_loops_ring
D:2:      layout_rooms, minmay_lizard_pond
D:3:      layout_basic, uniq_ijyb
D:4:      layout_loops_cross, gammafunk_ghost_arena, grunt_ministairs_11
D:5:      layout_cave_pools, minmay_temple_entry_wispy, uniq_pikel,
          uniq_prince_ribbit1

Skill      XL: |  1  2  3  4  5  6 |
---------------+-------------------+-----
Fighting       | 2 3 |  3.6
Unarmed Combat | 4 5 |  5.9
Shapeshifting  | 4 5 |  5.4
Dodging        | |  2.0

Action                     |  1- 3 |  4- 6 |  7- 9 || total
---------------------------+-------+-------+-------++-------
  Melee: Unarmed           |    74 |   104 |    39 ||   217
         Constrict         |    16 |    35 |    11 ||    62
         Tentacles         |    14 |    24 |     8 ||    46
         Punch             |     3 |     6 |     2 ||    11
  Evoke: Wand              |       |       |     2 ||     2
    Use: Scroll            |       |     3 |       ||     3
         Potion            |       |     1 |     1 ||     2
   Stab: Sleeping          |     6 |     7 |       ||    13
 Armour: Skin              |    23 |    39 |    13 ||    75
  Dodge: Dodged            |    34 |    51 |    19 ||   104

Table legend: (Time is in decaauts)
 A = Elapsed time spent in this place.
 B = Non-inter-level travel time spent in this place.
 C = Inter-level travel time spent in this place.
 D = Time resting spent in this place.
 E = Time spent auto-exploring this place.
 F = Levels seen in this place.
 G = Mean time per level.
                   A        B        C        D        E       F      G
               +--------+--------+--------+--------+--------+-----+--------+
         Total |   3621 |   3508 |    113 |    419 |   2458 |   5 |  724.2 |
       Dungeon |   3621 |   3508 |    113 |    419 |   2458 |   5 |  724.2 |
               +--------+--------+--------+--------+--------+-----+--------+

Top non-repeatable levels by time:
     D:3: 878 daAuts
     D:4: 863 daAuts
     D:1: 654 daAuts
     D:5: 639 daAuts
     D:2: 586 daAuts
